 Dungeon Crawl Stone Soup version 0.20.1-1-g8b1a95d66d (webtiles) character file.

699 NullDivider the Sneak (level 7, -3/47 HPs)
             Began as an Octopode Artificer on Nov 24, 2017.
             Was a Believer of Nemelex Xobeh.
             Slain by an elf zombie (5 damage)
             ... in an ossuary.
             The game lasted 00:22:13 (4633 turns).

NullDivider the Sneak (Octopode Artificer)          Turns: 4633, Time: 00:22:13

Health: -3/47      AC:  1    Str: 16    XL:     7   Next: 65%
Magic:  10/10      EV: 15    Int: 13    God:    Nemelex Xobeh [**....]
Gold:   150        SH:  0    Dex: 15    Spells: 6/6 levels left

rFire    . . .     SeeInvis +   A - +0 dagger
rCold    . . .     Gourm    .   (no shield)
rNeg     . . .     Faith    .   (helmet restricted)
rPois    .         Spirit   .   (no amulet)
rElec    .         Reflect  .   k - ring of wizardry
rCorr    .         Harm     .   q - ring of see invisible
MR       .....                  (no ring)
Stlth    ++++......             (no ring)
Regen    0.2/turn               (no ring)
MPRegen  0.2/turn               (no ring)
                                (no ring)
                                (no ring)

@: mighty, marked
A: almost no armour, stealthy swim, amphibious, 8 rings, constrict 8, camouflage
1, gelatinous body 1
a: Renounce Religion


You were in an ossuary.
You worshipped Nemelex Xobeh.
Nemelex Xobeh was pleased with you.
You were hungry.

You visited 1 branch of the dungeon, and saw 4 of its levels.
You also visited: Sewer and Ossuary.

You collected 150 gold pieces.

Inventory:

Hand Weapons
 A - a +0 dagger (weapon)
Jewellery
 k - a ring of wizardry (left tentacle)
 q - a ring of see invisible (right tentacle)
 s - an uncursed ring of fire
Wands
 b - a wand of flame (0/48)
 c - a wand of enslavement (15/24)
 d - a wand of random effects (15/48)
 z - a wand of confusion (34/48)
Scrolls
 g - a scroll of amnesia {unknown}
 h - 2 scrolls of teleportation
 j - 4 scrolls of identify
 l - 2 scrolls of remove curse
 m - a scroll of recharging {unknown}
 p - a scroll of blinking {unknown}
 u - a scroll of enchant armour {unknown}
 x - a scroll of fog {unknown}
 y - a scroll of random uselessness {unknown}
Potions
 e - 2 potions of curing {unknown}
 i - a potion of brilliance {unknown}
 o - 3 potions of might
 B - a potion of lignification {unknown}
Miscellaneous
 a - a plain deck of destruction
 n - a legendary deck of escape
 r - a plain deck of destruction {drawn: 2}
 t - a plain deck of destruction
Comestibles
 f - 4 bread rations
 v - 3 fruits


   Skills:
 + Level 3.7 Fighting
 + Level 3.1 Short Blades
 + Level 3.6 Dodging
 * Level 6.9 Stealth
 + Level 4.6 Evocations


You had 6 spell levels left.
You didn't know any spells.

Dungeon Overview and Level Annotations

Branches:
Dungeon (4/15)
 Temple: D:4-7

Altars:
Hepliaklqana
Nemelex Xobeh
Ru
Uskayaw
Xom


Innate Abilities, Weirdness & Mutations

You cannot wear most types of armour.
You are very stealthy in the water. (Stealth+)
You are amphibious.
You can wear up to eight rings at the same time.
You can use your tentacles to constrict eight enemies at once.
Your skin changes colour to match your surroundings (Stealth+).
Your rubbery body absorbs attacks. (AC +1, EV +1)


Message History

You puncture the elf zombie! You grab the elf zombie.
You squeeze the elf zombie!
The elf zombie is heavily damaged.
You constrict the elf zombie. The elf zombie hits you!
* * * LOW HITPOINT WARNING * * *
You puncture the elf zombie!
The elf zombie is severely damaged.
You constrict the elf zombie. The elf zombie misses you.
The elf zombie hits you.
* * * LOW HITPOINT WARNING * * *
You puncture the elf zombie! Your grab misses the elf zombie.
Your squeeze misses the elf zombie.
The elf zombie is lightly damaged.
You constrict the elf zombie. The elf zombie misses you.
A kobold zombie comes into view.
You puncture the elf zombie!
You destroy the elf zombie!
The elf zombie hits you.
You die...
Your body glows slightly and disappears.

#...# .....Z####...#
#...# #.∩.M...#...#
#...# #..M....#...#
#...# #...Z...#...#
#...#Z####.......#...#
#...#.Z..Z.Z.....#...#
#...#.####^.####.#...#
#...# #..#!Z#Z#...#
#...# #^.#@.ZZ#...#
#...######..######...#
#....................#
#........8..8........#
#....................#
#....................#
######################


You could see a rat zombie, a hobgoblin zombie, a kobold zombie and an elf
zombie.

Vanquished Creatures
  An ogre (D:3)
  2 elf zombies (Ossuary)
  2 bullfrogs (Sewer)
  An orc priest (D:4)
  Terence (D:2)
  Jessica (D:2)
  2 orc wizards
  3 mummies
  5 adders
  2 oozes (D:3)
  2 adder zombies (Ossuary)
  4 worms
  2 dart slugs
  3 leopard geckos
  6 orcs
  5 bats
  4 giant cockroaches
  3 goblins
  3 hobgoblins
  5 jackals
  4 kobolds
  A quokka (D:3)
  3 ball pythons
  12 frilled lizards
  A goblin zombie (Ossuary)
  12 hobgoblin zombies (Ossuary)
  A jackal zombie (Ossuary)
  10 kobold zombies (Ossuary)
  4 orc zombies (Ossuary)
  12 rats
117 creatures vanquished.

Notes
Turn   | Place    | Note
-------+----------+-------------------------------------------
     0 | D:1      | NullDivider the Octopode Artificer began the quest for the Orb.
     0 | D:1      | Reached XP level 1. HP: 13/13 MP: 3/3
   557 | D:1      | Reached skill level 2 in Stealth
   557 | D:1      | Reached XP level 2. HP: 18/18 MP: 4/4
   960 | D:2      | Found a sparkling altar of Nemelex Xobeh.
   964 | D:2      | Became a worshipper of Nemelex Xobeh the Trickster
  1354 | D:2      | Received a gift from Nemelex Xobeh
  1354 | D:2      | Received a gift from Nemelex Xobeh
  1392 | D:2      | Reached XP level 3. HP: 23/23 MP: 5/5
  1599 | D:2      | Noticed Jessica
  1613 | D:2      | Killed Jessica
  1613 | D:2      | Reached skill level 3 in Stealth
  1613 | D:2      | Reached XP level 4. HP: 29/29 MP: 6/6
  1825 | D:2      | Noticed Terence
  1835 | D:2      | Killed Terence
  2173 | D:3      | Found a sacrificial altar of Ru.
  2184 | D:3      | Reached * piety under Nemelex Xobeh
  2320 | D:3      | Reached skill level 4 in Stealth
  2320 | D:3      | Reached XP level 5. HP: 17/34 MP: 7/7
  2568 | D:3      | Found a glowing drain.
  2572 | Sewer    | Entered a sewer
  2873 | Sewer    | Received a gift from Nemelex Xobeh
  3121 | Sewer    | Reached skill level 5 in Stealth
  3121 | Sewer    | Reached XP level 6. HP: 37/41 MP: 9/9
  3349 | D:3      | Reached ** piety under Nemelex Xobeh
  3556 | D:3      | Found a hide-covered altar of Uskayaw.
  3851 | D:3      | Reached XP level 7. HP: 42/46 MP: 10/10
  3952 | D:3      | Found a hazy altar of Hepliaklqana.
  3953 | D:3      | Found a shimmering altar of Xom.
  3953 | D:3      | Noticed a tentacled monstrosity
  3954 | D:3      | Noticed a spectral ugly thing
  3954 | D:3      | Noticed a tentacled monstrosity
  4137 | D:4      | Received a gift from Nemelex Xobeh
  4231 | D:4      | Reached skill level 6 in Stealth
  4376 | D:4      | Found a sand-covered staircase.
  4384 | Ossuary  | Entered an ossuary
  4631 | Ossuary  | HP: 2/46 [elf zombie (1)]
  4633 | Ossuary  | Slain by an elf zombie

Skill      XL: |  1  2  3  4  5  6  7 |
---------------+----------------------+-----
Stealth        | 2 3 4 5 6 |  6.9
Fighting       | 2 3 |  3.7
Evocations     | 4 |  4.6
Short Blades   | 2 3 |  3.1
Dodging        | 3 |  3.6

Action                   |  1- 3 |  4- 6 |  7- 9 || total
-------------------------+-------+-------+-------++-------
Melee: Short sword       |    41 |     1 |       ||    42
       Constrict         |    14 |    32 |    28 ||    74
       Tentacles         |    10 |    31 |    21 ||    62
       Dagger            |       |   154 |    79 ||   233
Evoke: Deck              |     1 |     1 |       ||     2
       Wand              |       |       |    15 ||    15
  Use: Scroll            |       |     2 |       ||     2
       Potion            |       |       |     1 ||     1
 Stab: Sleeping          |     6 |     8 |     6 ||    20
  Eat: Chunk             |     2 |     7 |     2 ||    11
Armor: Skin              |     3 |     9 |     1 ||    13
Dodge: Dodged            |    14 |    76 |    39 ||   129
